 Dungeon Crawl Stone Soup version 0.30.0-29-ga12c61a403 (webtiles) character file.

Game seed: 16269936792340926138

88 2FriedEggs the Trooper (level 4, -3/73 HPs)
             Began as an Ogre Fighter on June 7, 2023.
             Slain by a worm (7 damage)
             ... on level 3 of the Dungeon.
             The game lasted 00:02:42 (2356 turns).

2FriedEggs the Trooper (Ogre Fighter)               Turns: 2356, Time: 00:02:44

Health: -3/73      AC: 22    Str: 22    XL:     4   Next: 53%
Magic:  4/4        EV:  1    Int:  9    God:
Gold:   98         SH:  7    Dex:  8    Spells: 3/3 levels left

rFire   . . .        a - +0 flail
rCold   . . .        c - +0 kite shield
rNeg    . . .        b - melded +0 robe
rPois   +            (helmet currently unavailable)
rElec   .            o - melded +0 cloak
rCorr   .            (gloves unavailable)
SInv    .            (boots unavailable)
Will    .....        (no amulet)
Stlth   +            r - ring of flight
HPRegen 0.32/turn    u - ring of poison resistance
MPRegen 0.09/turn

%: no passive effects
@: tree-form, attractive
A: stationary, stasis, torment immunity, boosted hp, large, unfitting armour,
(tough skin 1)
a: no special abilities


You were on level 3 of the Dungeon.
You were a tree.
You visited 1 branch of the dungeon, and saw 3 of its levels.

You collected 98 gold pieces.

Inventory:

Hand Weapons
 a - a +0 flail (weapon)
Missiles
 i - 20 stones (quivered)
Armour
 b - a +0 robe (melded)
 c - a +0 kite shield (worn)
 o - a +0 cloak (melded)
Jewellery
 r - a ring of flight (left branch)
 u - a ring of poison resistance (right branch)
Scrolls
 e - a scroll of silence {unknown}
 f - 3 scrolls of teleportation
 k - 3 scrolls of enchant weapon
 n - a scroll of magic mapping
 p - a scroll of amnesia
Potions
 d - a potion of might
 j - a potion of cancellation
 l - a potion of mutation {unknown}
 m - a potion of resistance {unknown}
 q - a potion of degeneration {unknown}
 s - a potion of flight {unknown}
 t - a potion of curing {unknown}
 v - a potion of brilliance {unknown}


   Skills:
 + Level 4.8 Fighting
 * Level 3.2 Maces & Flails
 - Level 2.6 Dodging
 + Level 3.6 Shields


You had 3 spell levels left.
You didn't know any spells.
Your spell library was empty.

Dungeon Overview and Level Annotations

Branches:
Dungeon (3/15)

Altars:


Innate Abilities, Weirdness & Mutations

You are a tree.
Your roots penetrate the ground, keeping you stationary.
You cannot be teleported.
You are immune to unholy pain and torment.
Your maximum health is greatly increased.
Your equipment is partially melded.
You are too large for most types of armour.
((You have tough skin. (AC +1)))


Message History

You hit Ijyb but do no damage.
Ijyb is heavily wounded.
Ijyb hits you with a +0 club.
* * * LOW HITPOINT WARNING * * *
You block the endoplasm's attack.
Unknown command.
You hit Ijyb.
Ijyb is severely wounded.
Ijyb hits you with a +0 club.
* * * LOW HITPOINT WARNING * * *
The endoplasm freezes you.
You are frozen.
* * * LOW HITPOINT WARNING * * *
The endoplasm freezes you.
You are frozen.
* * * LOW HITPOINT WARNING * * *
Ijyb hits you with a +0 club.
* * * LOW HITPOINT WARNING * * *
You sock Ijyb!
You kill Ijyb!
The endoplasm freezes you.
You are frozen.
* * * LOW HITPOINT WARNING * * *
Unknown command.
It was a potion of cancellation.
Your magical effects are unravelling.
You feel magically purged.
You feel a little less mighty now. You block the endoplasm's attack.
The worm bites you but does no damage.
It was a potion of lignification.
You turn into a tree.
Your +0 cloak melds into your body.
Your +0 robe melds into your body.
Your roots penetrate the ground.
The endoplasm hits you but does no damage.
It was a potion of attraction.
You feel attractive to monsters. The endoplasm freezes you.
You are frozen.
* * * LOW HITPOINT WARNING * * *
The worm bites you!
You die...

............# ######
............# #....#
.#########+#######....#
.......# #........#
.......## +........#
#.......## #....(...+
#........## #+##....#
#......#..#####.##....#
#......+........♣J....#
#......##........w##..#
#......########..†# +##
#......# #.........
#####+## #.........
#.#..>.... #.#.......
#.#....... #.#......#


You could see a worm and an endoplasm.

Vanquished Creatures
  Ijyb (D:3)
  A worm (D:2)
  2 dart slugs
  5 bats
  6 endoplasms
  3 giant cockroaches
  A goblin (D:1)
  3 hobgoblins (D:1)
  6 kobolds
  2 quokkas
  6 ball pythons
  2 frilled lizards
  21 rats
59 creatures vanquished.

Notes
Turn   | Place    | Note
-------+----------+-------------------------------------------
     0 | D:1      | 2FriedEggs the Ogre Fighter began the quest for the Orb.
     0 | D:1      | Reached XP level 1. HP: 24/24 MP: 1/1
   139 | D:1      | Reached XP level 2. HP: 27/32 MP: 2/2
   842 | D:1      | Reached XP level 3. HP: 40/40 MP: 3/3
  1291 | D:2      | Found a faded altar of an unknown god.
  1996 | D:2      | Reached XP level 4. HP: 49/49 MP: 4/4
  2337 | D:3      | Noticed Ijyb
  2353 | D:3      | Killed Ijyb
  2353 | D:3      | HP: 2/49 [frozen (2)]
  2356 | D:3      | Slain by a worm

Illustrated notes

Levels and vault maps discovered:
D:1:      lemuel_arrival_funnel, layout_loops_ring, hangedman_decor_slide_cut,
          nicolae_eternal_life
D:2:      layout_basic, basic_ecumenical_altar, grunt_decor_mini_mirrors,
          minmay_rat_hole
D:3:      layout_basic, uniq_ijyb

Skill      XL: |  1  2  3  4 |
---------------+-------------+-----
Maces & Flails | 2 3 |  3.2
Fighting       | |  4.8
Dodging        | |  2.6
Shields        | |  3.6

Action                     |  1- 3 |  4- 6 || total
---------------------------+-------+-------++-------
  Melee: Flail             |   136 |    30 ||   166
  Throw: Stone             |     5 |       ||     5
    Use: Scroll            |     4 |       ||     4
         Potion            |       |     4 ||     4
 Armour: Robe              |    46 |    17 ||    63
         Skin              |       |     1 ||     1
  Dodge: Dodged            |    53 |     7 ||    60
  Block: Kite shield       |    55 |    17 ||    72
